General information
- name: BNet
- type: Ladder team game (AT/RT)
- host: Battle.net
- saver: ROTS19
map: GolemsInTheMist
- players: 8
- length: 12:58
- speed: Fast
- version: 1.26 W3XP
- replay type: Public
» download(79 KB)
Players
team 1 (loser)

»
Mervin2 (
purple | 28 APM | 357 actions | 12:58)
3 Crypt Lord
2 Carrion Beetles
1 Spiked Carapace
1 Death Knight
1 Death Coil
» actions
| Assign group hotkey | 4 | |
| Basic commands | 24 | |
| Build / train | 31 | |
| ESC pressed | 1 | |
| Enter build submenu | 12 | |
| Enter hero's abilities submenu | 4 | |
| Remove unit from queue | 1 | |
| Right click | 106 | |
| Select / deselect | 138 | |
| Select group hotkey | 11 | |
| Use ability | 25 | |
357 total
» units
| Acolyte | 3 | |
| Ghoul | 6 | |
| Crypt Fiend | 7 | |
| Goblin Shredder | 1 | |
| Goblin Zeppelin | 1 | |
18 total
» upgrades
» buildings
| Crypt | 2 | |
| Altar of Darkness | 1 | |
| Ziggurat | 4 | |
| Graveyard | 1 | |
| Nerubian Tower | 1 | |
| Halls of the Dead | 1 | |
| Spirit Tower | 3 | |
| Sacrificial Pit | 1 | |
14 total
» build order
00:41 Crypt
00:46 Altar of Darkness
01:02 Ziggurat
01:28 Ziggurat
01:50 Crypt
02:13 Graveyard
02:43 Ziggurat
03:33 Nerubian Tower
04:23 Halls of the Dead
06:37 Ziggurat
09:56 Spirit Tower
10:04 Spirit Tower
10:04 Spirit Tower
11:05 Sacrificial Pit

»
yentup12 (
teal | 28 APM | 369 actions | 12:58)
3 Archmage
2 Blizzard
1 Brilliance Aura
» actions
| Basic commands | 13 | |
| Build / train | 37 | |
| Enter build submenu | 30 | |
| Enter hero's abilities submenu | 3 | |
| Right click | 107 | |
| Select / deselect | 147 | |
| Use ability | 32 | |
369 total
» units
| Peasant | 11 | |
| Footman | 7 | |
| Goblin Zeppelin | 1 | |
| Gryphon Rider | 5 | |
24 total
» upgrades
| Lumber Harvesting | 1 | |
| Masonry | 1 | |
| Swords | 2 | |
| Armor | 1 | |
| Storm Hammers | 1 | |
| Animal War Training | 1 | |
7 total
» buildings
| Altar of Kings | 1 | |
| Farm | 13 | |
| Barracks | 1 | |
| Keep | 1 | |
| Lumber Mill | 1 | |
| Castle | 1 | |
| Gryphon Aviary | 3 | |
| Blacksmith | 1 | |
| Town Hall | 1 | |
23 total
» build order
00:02 Altar of Kings
00:03 Farm
00:49 Barracks
01:13 Farm
01:54 Farm
02:36 Farm
03:09 Keep
03:27 Farm
04:09 Farm
04:56 Farm
05:00 Lumber Mill
05:31 Castle
05:36 Gryphon Aviary
05:41 Gryphon Aviary
06:10 Farm
06:39 Blacksmith
06:46 Gryphon Aviary
06:55 Farm
08:13 Farm
09:51 Farm
10:30 Farm
10:56 Town Hall
11:30 Farm

»
ROTS19 (
yellow | 62 APM | 802 actions | 12:58)
2 Death Knight
1 Death Coil
1 Unholy Aura
1 Lich
1 Frost Nova
» actions
| Assign group hotkey | 27 | |
| Basic commands | 26 | |
| Build / train | 35 | |
| ESC pressed | 2 | |
| Enter build submenu | 16 | |
| Enter hero's abilities submenu | 3 | |
| Give item / drop item | 1 | |
| Right click | 281 | |
| Select / deselect | 239 | |
| Select group hotkey | 134 | |
| Use ability | 38 | |
802 total
» units
| Acolyte | 3 | |
| Ghoul | 5 | |
| Crypt Fiend | 4 | |
| Obsidian Statue | 1 | |
13 total
» upgrades
| Creature Attack | 2 | |
| Burrow | 1 | |
| Creature Carapace | 2 | |
| Web | 1 | |
6 total
» buildings
| Crypt | 3 | |
| Graveyard | 1 | |
| Altar of Darkness | 1 | |
| Ziggurat | 4 | |
| Tomb of Relics | 1 | |
| Nerubian Tower | 2 | |
| Halls of the Dead | 3 | |
| Spirit Tower | 1 | |
| Slaughterhouse | 1 | |
| Black Citadel | 1 | |
18 total
» build order
00:10 Crypt
00:29 Graveyard
01:02 Altar of Darkness
01:22 Ziggurat
01:49 Tomb of Relics
01:58 Ziggurat
02:17 Nerubian Tower
02:42 Ziggurat
03:04 Crypt
03:33 Crypt
03:52 Nerubian Tower
04:54 Halls of the Dead
04:54 Halls of the Dead
04:55 Halls of the Dead
07:47 Spirit Tower
08:14 Ziggurat
10:04 Slaughterhouse
10:37 Black Citadel
» items
| Rod of Necromancy | 1 | |
| Dust of Appearance | 1 | |
| Scroll of Town Portal | 2 | |
4 total
Brex319 (
green | 37 APM | 479 actions | 12:58)
3 Paladin
1 Holy Light
1 Devotion Aura
1 Divine Shield
» actions
| Assign group hotkey | 27 | |
| Basic commands | 11 | |
| Build / train | 27 | |
| ESC pressed | 4 | |
| Enter build submenu | 13 | |
| Enter hero's abilities submenu | 3 | |
| Right click | 101 | |
| Select / deselect | 192 | |
| Select group hotkey | 83 | |
| Use ability | 18 | |
479 total
» units
| Peasant | 7 | |
| Footman | 2 | |
| Rifleman | 5 | |
14 total
» upgrades
| Gunpowder | 2 | |
| Long Rifles | 1 | |
| Lumber Harvesting | 1 | |
4 total
» buildings
| Altar of Kings | 1 | |
| Farm | 4 | |
| Lumber Mill | 1 | |
| Scout Tower | 2 | |
| Barracks | 1 | |
| Arcane Tower | 1 | |
| Blacksmith | 1 | |
| Guard Tower | 1 | |
| Keep | 1 | |
| Castle | 1 | |
14 total
» build order
00:07 Altar of Kings
00:10 Farm
00:40 Lumber Mill
00:49 Farm
01:42 Scout Tower
01:49 Barracks
02:18 Scout Tower
02:27 Arcane Tower
02:51 Blacksmith
03:08 Guard Tower
03:51 Keep
04:10 Farm
05:58 Farm
06:39 Castle
» items
team 2 (winner)

»
lukasz11 (
blue | 32 APM | 415 actions | 12:58)
4 Demon Hunter
2 Immolation
1 Evasion
1 Mana Burn
» actions
| Basic commands | 6 | |
| Build / train | 39 | |
| Enter build submenu | 13 | |
| Enter hero's abilities submenu | 4 | |
| Right click | 184 | |
| Select / deselect | 128 | |
| Use ability | 41 | |
415 total
» units
| Wisp | 12 | |
| Huntress | 7 | |
| Hippogryph | 6 | |
| Chimaera | 2 | |
27 total
» upgrades
| Strength of the Wild | 2 | |
| Reinforced Hides | 2 | |
| Corrosive Breath | 1 | |
5 total
» buildings
| Altar of Elders | 1 | |
| Moon Well | 5 | |
| Hunter's Hall | 1 | |
| Ancient of War | 1 | |
| Ancient of Wonders | 1 | |
| Tree of Ages | 1 | |
| Ancient of Wind | 1 | |
| Tree of Eternity | 1 | |
| Chimaera Roost | 2 | |
14 total
» build order
00:28 Altar of Elders
00:40 Moon Well
01:08 Hunter's Hall
01:49 Ancient of War
02:08 Moon Well
02:25 Ancient of Wonders
03:05 Moon Well
04:07 Tree of Ages
05:08 Moon Well
06:12 Moon Well
06:47 Ancient of Wind
07:05 Tree of Eternity
10:20 Chimaera Roost
10:22 Chimaera Roost

»
Douchebagz (
pink | 52 APM | 678 actions | 12:58)
4 Warden
2 Shadow Strike
2 Blink
1 Priestess of the Moon
1 Trueshot Aura
» actions
| Assign group hotkey | 18 | |
| Basic commands | 70 | |
| Build / train | 53 | |
| ESC pressed | 1 | |
| Enter build submenu | 14 | |
| Enter hero's abilities submenu | 5 | |
| Remove unit from queue | 1 | |
| Right click | 286 | |
| Select / deselect | 162 | |
| Select group hotkey | 30 | |
| Use ability | 38 | |
678 total
» units
| Wisp | 14 | |
| Archer | 6 | |
| Huntress | 7 | |
| Glaive Thrower | 4 | |
31 total
» upgrades
| Strength of the Moon | 2 | |
| Moon Armor | 2 | |
| Improved Bows | 1 | |
| Vorpal Blades | 1 | |
| Sentinel | 1 | |
7 total
» buildings
| Altar of Elders | 1 | |
| Moon Well | 7 | |
| Ancient of War | 3 | |
| Hunter's Hall | 1 | |
| Tree of Ages | 2 | |
| Ancient Protector | 1 | |
| Tree of Eternity | 1 | |
16 total
» build order
00:19 Altar of Elders
00:29 Moon Well
00:44 Ancient of War
01:55 Moon Well
02:17 Hunter's Hall
02:29 Ancient of War
02:50 Moon Well
05:01 Moon Well
05:04 Tree of Ages
05:05 Tree of Ages
06:14 Moon Well
07:49 Ancient of War
07:53 Moon Well
08:32 Ancient Protector
10:05 Tree of Eternity
10:07 Moon Well
JETS_FOOL (
red | 43 APM | 562 actions | 12:58)
5 Keeper of the Grove
2 Force of Nature
3 Entangling Roots
1 Priestess of the Moon
1 Trueshot Aura
» actions
| Assign group hotkey | 22 | |
| Build / train | 78 | |
| Enter build submenu | 13 | |
| Enter hero's abilities submenu | 8 | |
| Right click | 255 | |
| Select / deselect | 128 | |
| Select group hotkey | 28 | |
| Use ability | 30 | |
562 total
» units
» upgrades
| Strength of the Moon | 2 | |
| Improved Bows | 1 | |
| Strength of the Wild | 2 | |
| Abolish Magic | 1 | |
6 total
» buildings
| Altar of Elders | 1 | |
| Moon Well | 6 | |
| Ancient of War | 1 | |
| Tree of Life | 1 | |
| Tree of Ages | 1 | |
| Hunter's Hall | 1 | |
| Ancient of Lore | 2 | |
| Ancient of Wonders | 1 | |
14 total
» build order
00:05 Altar of Elders
00:09 Moon Well
00:33 Ancient of War
01:27 Moon Well
02:25 Moon Well
03:26 Tree of Life
04:13 Moon Well
05:40 Moon Well
06:32 Tree of Ages
06:37 Hunter's Hall
08:07 Moon Well
09:44 Ancient of Lore
09:47 Ancient of Lore
10:24 Ancient of Wonders
mrspock (
orange | 52 APM | 675 actions | 12:58)
4 Paladin
1 Holy Light
2 Divine Shield
1 Devotion Aura
» actions
| Assign group hotkey | 15 | |
| Basic commands | 10 | |
| Build / train | 35 | |
| Enter build submenu | 19 | |
| Enter hero's abilities submenu | 4 | |
| Right click | 267 | |
| Select / deselect | 104 | |
| Select group hotkey | 183 | |
| Use ability | 38 | |
675 total
» units
| Peasant | 7 | |
| Footman | 5 | |
| Rifleman | 8 | |
| Priest | 3 | |
23 total
» upgrades
| Gunpowder | 2 | |
| Plating | 1 | |
| Swords | 1 | |
| Long Rifles | 1 | |
| Priest Training | 1 | |
6 total
» buildings
| Altar of Kings | 1 | |
| Farm | 13 | |
| Barracks | 3 | |
| Blacksmith | 1 | |
| Lumber Mill | 1 | |
| Keep | 1 | |
| Arcane Sanctum | 2 | |
22 total
» build order
00:09 Altar of Kings
00:33 Farm
00:34 Farm
01:02 Barracks
01:38 Barracks
01:46 Barracks
01:56 Farm
02:55 Blacksmith
02:59 Farm
03:48 Lumber Mill
04:17 Farm
05:15 Farm
06:16 Farm
07:20 Keep
08:12 Farm
09:08 Farm
09:50 Arcane Sanctum
10:33 Arcane Sanctum
11:25 Farm
11:26 Farm
12:20 Farm
12:20 Farm
Chat log
(00:08 / Allies) yentup12: hi
(00:11 / Allies) Brex319: yo
(00:13 / Allies) yentup12: im thinking gryphs
(00:18 / Allies) Brex319: rifles here
(00:22 / Allies) Brex319: or knights
(04:31 / Allies) yentup12: lol
(04:32 / Allies) yentup12: yellow
(04:37 / Allies) yentup12: too funny
(05:34 / Allies) Brex319: u got a beetle @ the observatory purp
(05:39 / Allies) Brex319: i mean goblin lab
(05:44 / Allies) ROTS19: probably intentional
(05:48 / Allies) yentup12: probably
(05:50 / Allies) Brex319: tru
(05:51 / Allies) Brex319: my b
(05:52 / Allies) ROTS19: since beetles are worthless in a fight
(05:54 / Allies) yentup12: lol
(06:02 / Allies) yentup12: they give them something to hit
(06:06 / Allies) yentup12: instead of ur hero
(06:09 / Allies) ROTS19: for about a second or less
(06:13 / Allies) yentup12: so
(06:15 / Allies) ROTS19: or they could just
(06:18 / Allies) ROTS19: focus something else
(06:26 / Allies) yentup12: that could hit them a few times in that time
(06:35 / Allies) ROTS19: they suck.
(07:07 / All) yentup12: lol
(07:11 / All) yentup12: just feed him
(07:19 / Allies) Brex319: smh
(07:34 / Allies) Brex319: really purp???
(07:39 / Allies) Brex319: coulda waited 2 seconds and walked in
(07:53 / Allies) Mervin2: doesnt matter
(07:55 / Allies) yentup12: go check their mines
(08:07 / Allies) yentup12: and if they dont havea them take them
(08:33 / Allies) yentup12: call toarms
(08:36 / Allies) Brex319: did
(08:48 / Allies) yentup12: k
(11:03 / Allies) yentup12: well....
(11:22 / Allies) yentup12: ty
(11:44 / Allies) Brex319: not even @ tier 3 yet purp?
(11:53 / Allies) yentup12: wow
(11:55 / Allies) ROTS19: ]
(12:00 / Allies) Mervin2: yeah i have actual units
(12:01 / Allies) ROTS19: yeah he opted to go for units instead
(12:03 / Allies) yentup12: brt
(12:12 / Allies) Brex319: not good ones...
(12:24 / Allies) ROTS19: better than your zero units
(12:29 / Allies) Mervin2: lol where r u green?
(12:38 / Allies) Brex319: i got hit by all their armies tho
(12:42 / Allies) ROTS19: lol
(12:47 / All) ROTS19: k well gg
(12:48 / Allies) Brex319: woulda had griffs
(12:50 / Allies) Brex319: bustin ass
(12:52 / Allies) ROTS19: yeah
(12:53 / Allies) ROTS19: gryphs
(12:56 / Allies) ROTS19: against mass rifle and archer
(12:56 / Allies) Brex319: u went for fiends
(12:58 / Allies) ROTS19: hahah